 Dungeon Crawl Stone Soup version 0.31.0-11-ge490571c62 (webtiles) character file.

Game seed: 277505429587289743

92306 qw the Markself (level 15, -12/95 HPs)
             Began as a Deep Elf Hunter on Feb 5, 2024.
             Was the Champion of Okawaru.
             Mangled by a death knight
             ... wielding a +1 battleaxe
              (25 damage)
             ... on level 15 of the Dungeon.
             The game lasted 00:13:48 (18489 turns).

qw the Markself (Deep Elf Hunter)                  Turns: 18489, Time: 00:13:48

Health: -12/95     AC: 25    Str: 14    XL:     15   Next: 57%
Magic:  24/24      EV: 29    Int: 19    God:    Okawaru [******]
Gold:   1041       SH:  0    Dex: 21    Spells: 14/14 levels left

rFire   + . .        c - +8 longbow "Zephyr" {speed, Dex+3 SInv}
rCold   + + .        (shield currently unavailable)
rNeg    . . .        i - quicksilver dragon scales
rPois   +            w - +3 helmet of Wumpeth {^Contam Rampage rPois Stlth+}
rElec   +            s - +2 cloak
rCorr   .            g - +1 pair of gloves of Losagisk {rElec rF+ rC+ Int+3}
SInv    +            n - +1 pair of boots
Will    ++...        (no amulet)
Stlth   +++          q - +5 ring of evasion
HPRegen 0.35/turn    k - ring of protection from cold
MPRegen 0.19/turn

%: rampage
@: about to teleport
A: sturdy frame 1
a: Renounce Religion, Heroism, Finesse, Duel


You were on level 15 of the Dungeon.
You worshipped Okawaru.
Okawaru was exalted by your worship.
You visited 3 branches of the dungeon, and saw 21 of its levels.
You also visited: Sewer.

You collected 1142 gold pieces.
You spent 101 gold pieces at shops.


Innate Abilities, Weirdness & Mutations

Your movements are slightly less encumbered by armour. (ER -2)


   Skills:
 + Level 11.5 Fighting
 - Level 20.0 Ranged Weapons
 - Level 10.0 Armour
 - Level 17.0 Dodging
 - Level 1.2 Stealth
 - Level 10.0 Invocations


You had 14 spell levels left.
You didn't know any spells.
Your spell library was empty.

Inventory:

Hand Weapons
 c - the +8 longbow "Zephyr" (weapon) {speed, Dex+3 SInv}
   (You acquired it on level 1 of the Dungeon)

   Dex+3:     It affects your dexterity (+3).
   SInv:      It lets you see invisible.
 x - the +1 triple crossbow of Terrible Tenacity {drain, rElec Int-2 Dex+4}
   (Okawaru gifted it to you on level 5 of the Lair of Beasts)

   Int-2:     It affects your intelligence (-2).
   Dex+4:     It affects your dexterity (+4).
   rElec:     It insulates you from electricity.
Armour
 g - the +1 pair of gloves of Losagisk (worn) {rElec rF+ rC+ Int+3}
   (You found it on level 7 of the Dungeon)

   Int+3:     It affects your intelligence (+3).
   rF+:       It protects you from fire.
   rC+:       It protects you from cold.
   rElec:     It insulates you from electricity.
 i - quicksilver dragon scales (worn)
 n - a +1 pair of boots (worn)
 s - a +2 cloak (worn)
 w - the +3 helmet of Wumpeth (worn) {^Contam Rampage rPois Stlth+}
   (You acquired it on level 5 of the Lair of Beasts)

   rPois:     It protects you from poison ^Contam: It causes magical
   contamination when unequipped.
   Rampage:   It bestows one free step when moving towards enemies.
   Stlth+:    It makes you more stealthy.
 D - a +1 pair of gloves of strength
Jewellery
 e - a +6 ring of strength
 k - a ring of protection from cold (right hand)
 q - a +5 ring of evasion (left hand)
 B - a ring of poison resistance
 C - an amulet of guardian spirit
 E - a ring of willpower
 Y - a ring of protection from fire
Wands
 m - a wand of paralysis (14)
 o - a wand of iceblast (31)
 r - a wand of polymorph (12)
 t - a wand of mindburst (29)
 u - a wand of quicksilver (1)
Scrolls
 a - 6 scrolls of teleportation
 v - 5 scrolls of identify
 y - 4 scrolls of enchant weapon
Potions
 b - 7 potions of enlightenment
 d - 10 potions of curing
 f - a potion of cancellation
 h - 3 potions of might
 j - a potion of mutation
 l - 3 potions of heal wounds
 p - 2 potions of haste
 z - a potion of magic
 A - a potion of resistance

Dungeon Overview and Level Annotations

Branches:
Dungeon (15/15)            Temple (1/1) D:6            Lair (5/5) D:10
 Shoals (0/4) Lair:2       Spider (0/4) Lair:2        Slime (0/5) Lair:4
    Orc (0/2) D:12         Vaults (0/5) D:14          Sewer (visited)
 Depths: D:15

Altars:
Ashenzari
Cheibriados
Dithmenos
Elyvilon
Fedhas
Gozag
Hepliaklqana
Kikubaaqudgha
Makhleb
Nemelex Xobeh
Okawaru
Qazlal
Ru
Sif Muna
Uskayaw
Vehumet
Wu Jian
Xom
Yredelemnul
Zin
The Shining One

Shops:
D:5 **(

Portals:
Trove: D:11 (give 18 potions of curing)

Annotations:
D:4 3 runed translucent doors, qw's ghost, amateur DEHu
D:7 exclusion: moth of wrath


Message History

Okawaru accepts your kill.
You shoot an arrow. The arrow hits the death knight!
The death knight is lightly wounded.
You shoot an arrow. The arrow hits the death knight!
The death knight is moderately wounded.
You shoot an arrow. The arrow hits the death knight!
The death knight is moderately wounded.
The phantasmal warrior gestures at you.
The phantasmal warrior blinks!
The death knight mumbles some strange prayers to Yredelemnul against you.
You resist with almost no effort.
Enter note: You shoot an arrow.
The arrow hits the death knight.
The death knight is heavily wounded.
You shoot an arrow. The arrow hits the death knight.
The death knight is heavily wounded.
The phantasmal warrior gestures at you.
The phantasmal warrior blinks!
You shoot an arrow. The arrow hits the death knight!
The death knight is severely wounded.
You shoot an arrow. The arrow hits the death knight.
The death knight is severely wounded.
The phantasmal warrior hits you!!
The death knight invokes the aid of Yredelemnul against you.
Your body is wracked with pain!
You shoot an arrow.
The arrow closely misses the death knight.
The phantasmal warrior completely misses you.
The death knight barely misses you.
You shoot an arrow. The arrow hits the death knight!
The death knight is almost dead.
You shoot an arrow. The arrow hits the death knight.
The death knight is almost dead.
The death knight hits you with a +1 battleaxe!!
The phantasmal warrior completely misses you.
18489 ||| READING 7 scrolls of teleportation.
As you read the scroll of teleportation, it crumbles to dust.
You feel strangely unstable.
The death knight hits you with a +1 battleaxe!!
You die...

#....<..#
#.......#
#.......#
#.......#
#.......#
#.......########
#...............
#...W...........
#...@...........
###p###.........
#z ########## #.
.. .. #.. #..


You could see a death knight, a skeletal warrior and a phantasmal warrior.

Vanquished Creatures
  Jorgrun (D:13)
  A dire elephant (Lair:5)
  Azrael (D:12)
  Josephine (D:12)
  A rakshasa (D:13)
  2 vault guards (D:14)
  4 hydras
  2 catoblepae
  3 centaur warriors
  A death knight (D:13)
  An ogre mage (D:12)
  3 boulder beetles
  2 two-headed ogres (D:10)
  4 tengu warriors
  A deep troll shaman (Lair:5)
  11 death yaks
  Urug (D:12)
  Nergalle (Lair:2)
  A deep elf knight (D:14)
  3 skysharks
  9 skeletal warriors
  2 arcanists (D:14)
  A lindwurm (Lair:4)
  Pikel (D:6)
  2 necromancers (D:14)
  2 orc knights (D:15)
  A phantasmal warrior (D:13)
  2 harpies (Lair:2)
  2 deep elf pyromancers (D:13)
  A deep elf zephyrmancer (D:12)
  9 ugly things
  A cyclops (D:12)
  A meliai (shapeshifter) (D:14)
  3 meliai (D:12)
  2 black mambas (Lair:1)
  9 elephants
  A gargoyle (D:10)
  11 cane toads
  A rime drake (shapeshifter) (D:14)
  3 freezing wraiths
  12 komodo dragons
  A kobold demonologist (D:12)
  A yaktaur (D:14)
  An unseen horror (D:11)
  A tengu conjurer (D:13)
  7 rime drakes
  2 polar bears
  5 trolls
  A wolf spider simulacrum (D:12)
  13 blink frogs
  13 dream sheep
  11 slime creatures
  A centaur simulacrum (D:10)
  A water elemental (D:15)
  2 vampires
  17 humans (D:14)
  4 wyverns
  5 wraiths
  7 fire elementals
  A steam dragon (D:8)
  2 redbacks (Lair:2)
  A fire bat (shapeshifter) (D:15)
  44 yaks
  3 basilisks
  8 vampire mosquitoes
  2 hell hounds (D:12)
  4 acid dragons
  18 water moccasins
  8 orc warriors
  7 ice beasts
  3 black bears
  2 laughing skulls (D:15)
  3 ogres
  5 boggarts
  13 centaurs
  2 lemures (D:6)
  24 wolves
  2 phantoms
  A kobold brigand (D:7)
  2 brain worms (Sewer)
  13 bullfrogs
  2 gnoll sergeants
  5 scorpions
  7 wights (D:8)
  9 killer bees
  6 spriggan skeletons (D:9)
  A troll skeleton (D:9)
  An electric eel (Lair:5)
  5 howler monkeys
  A bombardier beetle (D:5)
  7 jellies
  7 orc priests
  2 gnoll boudas
  Terence (D:3)
  9 iguanas
  10 orc wizards
  Natasha (thrice) (D:4)
  19 gnolls
  11 adders
  6 river rats
  A shadow imp (D:7)
  A howler monkey simulacrum (D:10)
  4 white imps
  2 ribbon worms
  4 dart slugs
  42 orcs
  7 ball pythons
  5 endoplasms
  5 giant cockroaches
  4 goblins
  5 hobgoblins
  4 jackals (D:4)
  11 kobolds
  5 quokkas
  4 frilled lizards
  9 rats
607 creatures vanquished.

Vanquished Creatures (others)
  A cane toad (Lair:3)
1 creature vanquished.

Grand Total: 608 creatures vanquished

Notes
Turn   | Place    | Note
-------+----------+-------------------------------------------
     0 | D:1      | qw the Deep Elf Hunter began the quest for the Orb.
     0 | D:1      | Reached XP level 1. HP: 12/12 MP: 3/3
     0 | D:1      | 0 ||| qw: Version: 0.3-a-160-g6735b56
     0 | D:1      | 0 ||| qw: Game counter: 6405
     0 | D:1      | 0 ||| qw: Melee chars always use a shield: true
     0 | D:1      | 0 ||| qw: God list: Okawaru
     0 | D:1      | 0 ||| qw: Allow faded altars: false
     0 | D:1      | 0 ||| qw: Do Orc after clearing Dungeon:15 true
     0 | D:1      | 0 ||| qw: Do second Lair branch before Depths: true
     0 | D:1      | 0 ||| qw: Lair rune preference: random
     0 | D:1      | 0 ||| qw: Goals: Normal
     0 | D:1      | 0 ||| PLANNING D:1-11
   368 | D:1      | Reached skill level 6 in Ranged Weapons
   368 | D:1      | Reached XP level 2. HP: 16/16 MP: 4/4
  1003 | D:1      | 1003 ||| UPGRADING to +0 scale mail.
  1013 | D:1      | 1013 ||| DROPPING +0 leather armour.
  1014 | D:1      | 1014 ||| UPGRADING to +0 ring mail.
  1024 | D:1      | 1024 ||| DROPPING +0 scale mail.
  1025 | D:1      | 1025 ||| READING scroll labelled LEICSA ZAETS.
  1025 | D:1      | Identified a scroll of acquirement
  1025 | D:1      | 1025 ||| ACQUIRING +8 longbow "Zephyr" {speed, Dex+3 SInv}
  1025 | D:1      | Acquired the +8 longbow "Zephyr" {speed, Dex+3 SInv}
  1025 | D:1      | Found the +8 longbow "Zephyr" {speed, Dex+3 SInv}
  1027 | D:1      | 1027 ||| SWAPPING to +8 longbow "Zephyr" {speed, Dex+3
                  | SInv}.
  1028 | D:1      | 1028 ||| DROPPING +0 shortbow.
  1029 | D:1      | 1029 ||| READING scroll labelled XACWUS XUREN.
  1130 | D:1      | 1130 ||| DROPPING scroll of butterflies.
  1206 | D:2      | Reached XP level 3. HP: 20/20 MP: 5/5
  1554 | D:2      | Reached skill level 7 in Ranged Weapons
  1806 | D:2      | Found a faded altar of an unknown god.
  1908 | D:2      | 1908 ||| UPGRADING to ring of protection from fire.
  1909 | D:2      | 1909 ||| READING scroll labelled KOONNEMIMN.
  1910 | D:2      | 1910 ||| READING scroll labelled MOMIET VULYTSOF.
  2156 | D:3      | Reached XP level 4. HP: 25/25 MP: 6/6
  2249 | D:3      | Noticed Terence
  2254 | D:3      | Killed Terence
  2258 | D:3      | Reached skill level 8 in Ranged Weapons
  2902 | D:3      | 2902 ||| READING scroll labelled QYTERUNUWU.
  2903 | D:3      | 2903 ||| READING scroll labelled BARILAXZ SAULA.
  2904 | D:3      | 2904 ||| READING scroll labelled REURYE KOROCH.
  2908 | D:3      | 2908 ||| READING scroll labelled TOQISHR ITITOES.
  2908 | D:3      | 2908 ||| IDENTIFYING pink potion
  2909 | D:3      | 2909 ||| DRINKING 2 silvery potions.
  2922 | D:4      | 2922 ||| PLANNING SEWER
  2945 | D:4      | Reached XP level 5. HP: 29/29 MP: 7/7
  3014 | D:4      | Noticed Natasha
  3016 | D:4      | Killed Natasha
  3030 | D:4      | Reached skill level 9 in Ranged Weapons
  3366 | D:4      | Found a runed translucent gate.
  3367 | D:4      | Found a runed translucent gate.
  3367 | D:4      | Noticed qw's ghost (amateur DEHu)
  3369 | D:4      | Found a runed translucent gate.
  3369 | D:4      | Identified the +6 dagger "Evukhlae" {drain, Will+}
  3369 | D:4      | Identified the +2 leather armour of Instinct {Dex+2}
  3449 | D:4      | Reached skill level 3 in Dodging
  3466 | D:4      | Found a glowing drain.
  3467 | D:4      | 3467 ||| DRINKING 2 fuming blue potions.
  3468 | D:4      | 3468 ||| DRINKING green potion.
  3469 | D:4      | 3469 ||| DRINKING fizzy ruby potion.
  3470 | D:4      | 3470 ||| DRINKING clear potion.
  3503 | D:4      | 3503 ||| DROPPING potion of ambrosia.
  3507 | Sewer    | Entered a sewer
  3569 | Sewer    | Reached XP level 6. HP: 35/35 MP: 8/8
  3626 | Sewer    | Reached skill level 10 in Ranged Weapons
  3830 | Sewer    | 3830 ||| READING scroll labelled SUTONTUSASA.
  3831 | Sewer    | 3831 ||| READING 2 scrolls labelled ULAHAI MEZA.
  3831 | Sewer    | 3831 ||| ENCHANTING +0 ring mail.
  3832 | Sewer    | 3832 ||| READING scroll of enchant armour.
  3832 | Sewer    | 3832 ||| ENCHANTING +1 ring mail.
  3833 | Sewer    | 3833 ||| DRINKING 2 white potions.
  3833 | Sewer    | Reached skill level 18 in Ranged Weapons
  3833 | Sewer    | Reached XP level 7. HP: 40/40 MP: 9/9
  3834 | Sewer    | 3834 ||| DRINKING potion of experience.
  3834 | Sewer    | Reached XP level 8. HP: 44/44 MP: 10/10
  3871 | D:4      | 3871 ||| PLANNING D:1-11
  3931 | D:4      | Noticed Natasha
  3934 | D:4      | Killed Natasha
  3959 | D:4      | Noticed Natasha
  3962 | D:4      | Killed Natasha
  4366 | D:4      | 4366 ||| READING scroll labelled FIOLEIRECH.
  4407 | D:5      | Entered Level 5 of the Dungeon
  4500 | D:5      | Reached skill level 1 in Armour
  4500 | D:5      | Reached XP level 9. HP: 48/48 MP: 11/11
  4526 | D:5      | Found Pinese Lory's Weapon Emporium.
  4527 | D:5      | 4527 ||| RETREEEEATING.
  4585 | D:5      | Found Uracligirr's Assorted Antiques.
  4589 | D:5      | 4589 ||| BUYING potion of curing (78 gold).
  4589 | D:5      | Bought a potion of curing for 78 gold pieces
  4589 | D:5      | 4589 ||| SHOPLISTING small copper ring (130 gold, have 66).
  4589 | D:5      | 4589 ||| BUYING viscous clear potion (23 gold).
  4589 | D:5      | Bought a viscous clear potion for 23 gold pieces
  4589 | D:5      | 4589 ||| SHOPLISTING wand of iceblast (7) (436 gold, have
                  | 43).
  4658 | D:5      | Reached skill level 3 in Fighting
  4665 | D:5      | Found Luyj's Assorted Antiques.
  4673 | D:5      | 4673 ||| SHOPLISTING wand of iceblast (8) (576 gold, have
                  | 43).
  4884 | D:5      | Found a glowing golden altar of the Shining One.
  4993 | D:5      | 4993 ||| READING scroll of identify.
  4993 | D:5      | 4993 ||| IDENTIFYING gluggy clear potion
  4994 | D:5      | 4994 ||| READING scroll labelled GUFFOK YXZEIDUXEOR.
  5095 | D:5      | 5095 ||| DRINKING 2 viscous clear potions.
  5129 | D:6      | 5129 ||| STAIRDANCE
  5193 | D:6      | 5193 ||| STAIRDANCE
  5241 | D:6      | 5241 ||| STAIRDANCE
  5312 | D:6      | 5312 ||| STAIRDANCE
  5444 | D:6      | Noticed Pikel
  5455 | D:6      | Killed Pikel
  5734 | D:6      | Found a staircase to the Ecumenical Temple.
  5735 | D:6      | 5735 ||| PLANNING TEMPLE
  5736 | D:6      | 5736 ||| READING scroll of identify.
  5736 | D:6      | 5736 ||| IDENTIFYING smoky emerald potion
  5737 | D:6      | 5737 ||| READING 2 scrolls labelled DYQEITTEUZE.
  5738 | D:6      | 5738 ||| READING scroll labelled OTETOAFOKO.
  5739 | D:6      | 5739 ||| DROPPING scroll of noise.
  5740 | D:6      | 5740 ||| DROPPING potion of degeneration.
  5749 | Temple   | Entered the Ecumenical Temple
  5750 | Temple   | 5750 ||| PLANNING OKAWARU WORSHIP
  5765 | Temple   | Became a worshipper of Warmaster Okawaru
  5766 | Temple   | 5766 ||| PLANNING D:1-11
  5829 | D:7      | Reached XP level 10. HP: 58/58 MP: 12/12
  5862 | D:7      | Identified the +1 pair of gloves of Losagisk {rElec rF+ rC+
                  | Int+3}
  6190 | D:7      | Noticed a moth of wrath
  6268 | D:7      | 6268 ||| UPGRADING to +1 pair of gloves of Losagisk {rElec
                  | rF+ rC+ Int+3}.
  6273 | D:7      | 6273 ||| UPGRADING to +6 ring of strength.
  6274 | D:7      | 6274 ||| READING scroll labelled DOUNWA XEWA.
  6276 | D:7      | 6276 ||| Stepping ~*~*~tactically~*~*~ (cloud).
  6522 | D:8      | 6522 ||| READING scroll of enchant armour.
  6522 | D:8      | 6522 ||| ENCHANTING +2 ring mail.
  6530 | D:8      | Reached * piety under Okawaru
  6545 | D:8      | 6545 ||| RETREEEEATING.
  6546 | D:8      | 6546 ||| RETREEEEATING.
  6547 | D:8      | 6547 ||| RETREEEEATING.
  6553 | D:8      | Reached skill level 1 in Invocations
  6747 | D:8      | Identified the +7 dagger of Xemimimn {vamp, rC+ Will++
                  | rCorr}
  7034 | D:8      | 7034 ||| READING 2 scrolls of identify.
  7034 | D:8      | 7034 ||| IDENTIFYING lumpy green potion
  7035 | D:8      | 7035 ||| READING scroll of identify.
  7035 | D:8      | 7035 ||| IDENTIFYING brown potion
  7036 | D:8      | 7036 ||| DROPPING potion of berserk rage.
  7037 | D:8      | 7037 ||| DROPPING potion of brilliance.
  7098 | D:9      | Reached ** piety under Okawaru
  7233 | D:9      | Reached skill level 3 in Invocations
  7281 | D:9      | 7281 ||| RETREEEEATING.
  7294 | D:9      | Reached skill level 19 in Ranged Weapons
  7549 | D:9      | Found an ornate altar of the Wu Jian Council.
  7692 | D:9      | 7692 ||| UPGRADING to +0 cloak.
  7697 | D:9      | 7697 ||| UPGRADING to ring of protection from cold.
  7699 | D:9      | 7699 ||| DRINKING 2 viscous emerald potions.
  7699 | D:9      | Gained mutation: You have hidden genetic defects. [potion
                  | of mutation]
  7699 | D:9      | Gained mutation: Your spells are a little harder to cast,
                  | but a little more powerful. [potion of mutation]
  7705 | D:10     | Entered Level 10 of the Dungeon
  7714 | D:10     | Noticed a gargoyle
  7733 | D:10     | 7733 ||| INVOKING Heroism.
  7738 | D:10     | Killed a gargoyle
  7739 | D:10     | Reached XP level 11. HP: 40/63 MP: 13/16
  7840 | D:10     | 7840 ||| READING 3 scrolls of enchant armour.
  7840 | D:10     | 7840 ||| ENCHANTING +0 cloak.
  7841 | D:10     | 7841 ||| READING 2 scrolls of enchant armour.
  7841 | D:10     | 7841 ||| ENCHANTING +1 cloak.
  7842 | D:10     | 7842 ||| READING scroll of enchant armour.
  7842 | D:10     | 7842 ||| ENCHANTING +3 ring mail.
  7849 | D:10     | Noticed a two-headed ogre
  7850 | D:10     | 7850 ||| INVOKING Heroism.
  7856 | D:10     | Killed a two-headed ogre
  7856 | D:10     | Reached *** piety under Okawaru
  7857 | D:10     | Noticed a two-headed ogre
  7862 | D:10     | Killed a two-headed ogre
  7875 | D:10     | Gained mutation: You are frail. (-10% HP) [hidden defects]
  7880 | D:10     | 7880 ||| DRINKING potion of mutation.
  7880 | D:10     | Lost mutation: Your spells are a little harder to cast, but
                  | a little more powerful. [potion of mutation]
  7880 | D:10     | Lost mutation: You have hidden genetic defects. [potion of
                  | mutation]
  7880 | D:10     | Gained mutation: You are weak. (Str -2) [potion of
                  | mutation]
  8006 | D:10     | Reached skill level 20 in Ranged Weapons
  8022 | D:10     | 8022 ||| RETREEEEATING.
  8032 | D:10     | 8032 ||| RETREEEEATING.
  8033 | D:10     | 8033 ||| RETREEEEATING.
  8034 | D:10     | 8034 ||| RETREEEEATING.
  8035 | D:10     | 8035 ||| INVOKING Heroism.
  8042 | D:10     | HP: 1/57 [rime drake/icy flash freeze (23)]
  8043 | D:10     | 8043 ||| READING 5 scrolls of teleportation.
  8044 | D:10     | 8044 ||| DRINKING 3 potions of heal wounds.
  8046 | D:10     | 8046 ||| FLEEEEING.
  8198 | D:10     | Reached **** piety under Okawaru
  8244 | D:10     | Found a staircase to the Lair.
  8256 | D:10     | Reached skill level 6 in Fighting
  8736 | D:10     | 8736 ||| PLANNING LAIR
  8736 | D:10     | 8736 ||| UPGRADING to +5 ring of evasion.
  8738 | D:10     | 8738 ||| READING scroll of identify.
  8738 | D:10     | 8738 ||| IDENTIFYING bubbling ruby potion
  8739 | D:10     | 8739 ||| DROPPING potion of invisibility.
  8768 | Lair:1   | Entered Level 1 of the Lair of Beasts
  8774 | Lair:1   | Found an iron altar of Okawaru.
  8799 | Lair:1   | 8799 ||| RETREEEEATING.
  8802 | Lair:1   | 8802 ||| RETREEEEATING.
  8806 | Lair:1   | 8806 ||| RETREEEEATING.
  8807 | Lair:1   | 8807 ||| RETREEEEATING.
  8808 | Lair:1   | 8808 ||| RETREEEEATING.
  8810 | Lair:1   | 8810 ||| RETREEEEATING.
  8812 | Lair:1   | Reached skill level 3 in Armour
  8958 | Lair:1   | 8958 ||| RETREEEEATING.
  8961 | Lair:1   | 8961 ||| RETREEEEATING.
  8962 | Lair:1   | Reached ***** piety under Okawaru
  8965 | Lair:1   | 8965 ||| RETREEEEATING.
  9011 | Lair:1   | Reached skill level 6 in Invocations
  9197 | Lair:1   | Received a gift from Okawaru
  9198 | Lair:1   | Reached XP level 12. HP: 64/64 MP: 19/19
  9460 | Lair:1   | You fall into a shaft and drop 1 floor!
  9505 | Lair:2   | 9505 ||| RETREEEEATING.
  9511 | Lair:2   | 9511 ||| INVOKING Finesse.
  9539 | Lair:2   | 9539 ||| FLEEEEING.
  9540 | Lair:2   | 9540 ||| FLEEEEING.
  9541 | Lair:2   | 9541 ||| FLEEEEING.
  9555 | Lair:2   | 9555 ||| FLEEEEING.
  9556 | Lair:2   | 9556 ||| FLEEEEING.
  9557 | Lair:2   | 9557 ||| STAIRDANCE
  9776 | Lair:1   | Received a gift from Okawaru
  9952 | Lair:1   | 9952 ||| DRINKING 2 sedimented silvery potions.
 10041 | Lair:2   | Noticed a six-headed hydra
 10042 | Lair:2   | 10042 ||| RETREEEEATING.
 10043 | Lair:2   | 10043 ||| RETREEEEATING.
 10045 | Lair:2   | 10045 ||| INVOKING Finesse.
 10052 | Lair:2   | Killed a six-headed hydra
 10057 | Lair:2   | Reached skill level 9 in Invocations
 10269 | Lair:2   | Noticed Nergalle
 10280 | Lair:2   | Killed Nergalle
 10286 | Lair:2   | HP: 14/65 [poisoned by a redback]
 10290 | Lair:2   | HP: 6/65 [poisoned by a redback]
 10295 | Lair:2   | HP: 3/65 [poisoned by a redback]
 10505 | Lair:2   | Found a hole to the Spider Nest.
 10877 | Lair:2   | Noticed a five-headed hydra
 10878 | Lair:2   | 10878 ||| RETREEEEATING.
 10879 | Lair:2   | 10879 ||| RETREEEEATING.
 10880 | Lair:2   | 10880 ||| RETREEEEATING.
 10883 | Lair:2   | 10883 ||| RETREEEEATING.
 10884 | Lair:2   | 10884 ||| INVOKING Finesse.
 10891 | Lair:2   | Killed a five-headed hydra
 10931 | Lair:2   | Found a staircase to the Shoals.
 10933 | Lair:2   | 10933 ||| RETREEEEATING.
 10934 | Lair:2   | 10934 ||| RETREEEEATING.
 10935 | Lair:2   | 10935 ||| RETREEEEATING.
 10936 | Lair:2   | 10936 ||| RETREEEEATING.
 10937 | Lair:2   | 10937 ||| RETREEEEATING.
 10938 | Lair:2   | 10938 ||| RETREEEEATING.
 10939 | Lair:2   | 10939 ||| RETREEEEATING.
 10940 | Lair:2   | 10940 ||| RETREEEEATING.
 10941 | Lair:2   | 10941 ||| RETREEEEATING.
 10942 | Lair:2   | 10942 ||| RETREEEEATING.
 10946 | Lair:2   | Received a gift from Okawaru
 11224 | Lair:2   | 11224 ||| UPGRADING to +2 hat.
 11229 | Lair:2   | 11229 ||| UPGRADING to +0 pair of boots.
 11279 | Lair:3   | 11279 ||| RETREEEEATING.
 11280 | Lair:3   | 11280 ||| RETREEEEATING.
 11281 | Lair:3   | 11281 ||| RETREEEEATING.
 11282 | Lair:3   | 11282 ||| RETREEEEATING.
 11283 | Lair:3   | 11283 ||| RETREEEEATING.
 11284 | Lair:3   | 11284 ||| RETREEEEATING.
 11285 | Lair:3   | 11285 ||| INVOKING Finesse.
 11363 | Lair:3   | Found a frozen archway.
 11371 | Lair:3   | Reached XP level 13. HP: 72/72 MP: 22/22
 11394 | Lair:3   | 11394 ||| RETREEEEATING.
 11395 | Lair:3   | 11395 ||| RETREEEEATING.
 11396 | Lair:3   | 11396 ||| RETREEEEATING.
 11397 | Lair:3   | 11397 ||| RETREEEEATING.
 11398 | Lair:3   | 11398 ||| RETREEEEATING.
 11401 | Lair:3   | 11401 ||| RETREEEEATING.
 11402 | Lair:3   | 11402 ||| RETREEEEATING.
 11407 | Lair:3   | 11407 ||| RETREEEEATING.
 11408 | Lair:3   | 11408 ||| RETREEEEATING.
 11409 | Lair:3   | 11409 ||| RETREEEEATING.
 11410 | Lair:3   | 11410 ||| RETREEEEATING.
 11416 | Lair:3   | Reached skill level 9 in Fighting
 11432 | Lair:3   | Reached skill level 12 in Dodging
 11575 | Lair:3   | 11575 ||| DRINKING potion of mutation.
 11575 | Lair:3   | Lost mutation: You are weak. (Str -2) [potion of mutation]
 11575 | Lair:3   | Lost mutation: You are frail. (-10% HP) [potion of
                  | mutation]
 11575 | Lair:3   | Gained mutation: Your movements are slightly less
                  | encumbered by armour. (ER -2) [potion of mutation]
 11766 | Lair:3   | 11766 ||| READING scroll of enchant armour.
 11766 | Lair:3   | 11766 ||| ENCHANTING +0 pair of boots.
 11814 | Lair:3   | 11814 ||| RETREEEEATING.
 11815 | Lair:3   | 11815 ||| RETREEEEATING.
 11816 | Lair:3   | 11816 ||| RETREEEEATING.
 11817 | Lair:3   | 11817 ||| RETREEEEATING.
 11818 | Lair:3   | 11818 ||| RETREEEEATING.
 11819 | Lair:3   | 11819 ||| RETREEEEATING.
 11822 | Lair:3   | 11822 ||| INVOKING Finesse.
 11857 | Lair:3   | Received a gift from Okawaru
 12210 | Lair:4   | 12210 ||| STAIRDANCE
 12217 | Lair:4   | 12217 ||| STAIRDANCE
 12228 | Lair:4   | 12228 ||| STAIRDANCE
 12361 | Lair:4   | 12361 ||| RETREEEEATING.
 12362 | Lair:4   | 12362 ||| RETREEEEATING.
 12363 | Lair:4   | 12363 ||| RETREEEEATING.
 12365 | Lair:4   | 12365 ||| RETREEEEATING.
 12487 | Lair:4   | 12487 ||| RETREEEEATING.
 12488 | Lair:4   | 12488 ||| RETREEEEATING.
 12489 | Lair:4   | 12489 ||| RETREEEEATING.
 12490 | Lair:4   | 12490 ||| RETREEEEATING.
 12491 | Lair:4   | 12491 ||| RETREEEEATING.
 12492 | Lair:4   | 12492 ||| RETREEEEATING.
 12493 | Lair:4   | 12493 ||| RETREEEEATING.
 12494 | Lair:4   | 12494 ||| RETREEEEATING.
 12501 | Lair:4   | 12501 ||| RETREEEEATING.
 12502 | Lair:4   | 12502 ||| RETREEEEATING.
 12738 | Lair:4   | 12738 ||| RETREEEEATING.
 12761 | Lair:4   | Received a gift from Okawaru
 12770 | Lair:4   | Found a staircase to the Slime Pits.
 13091 | Lair:5   | Entered Level 5 of the Lair of Beasts
 13344 | Lair:5   | 13344 ||| READING scroll of acquirement.
 13344 | Lair:5   | 13344 ||| ACQUIRING +3 helmet of Wumpeth {^Contam Rampage
                  | rPois Stlth+}
 13344 | Lair:5   | Acquired the +3 helmet of Wumpeth {^Contam Rampage rPois
                  | Stlth+}
 13346 | Lair:5   | 13346 ||| UPGRADING to +3 helmet of Wumpeth {^Contam
                  | Rampage rPois Stlth+}.
 13356 | Lair:5   | 13356 ||| DROPPING +2 hat.
 13441 | Lair:5   | 13441 ||| RETREEEEATING.
 13444 | Lair:5   | Reached ****** piety under Okawaru
 13501 | Lair:5   | 13501 ||| INVOKING Receive Weapon.
 13501 | Lair:5   | 13501 ||| ACQUIRING +1 triple crossbow of Terrible Tenacity
                  | {drain, rElec Int-2 Dex+4}
 13501 | Lair:5   | Acquired the +1 triple crossbow of Terrible Tenacity
                  | {drain, rElec Int-2 Dex+4}
 13501 | Lair:5   | Received a gift from Okawaru
 13502 | Lair:5   | 13502 ||| INVOKING Receive Armour.
 13502 | Lair:5   | 13502 ||| ACQUIRING quicksilver dragon scales
 13502 | Lair:5   | Acquired quicksilver dragon scales
 13502 | Lair:5   | Received a gift from Okawaru
 13504 | Lair:5   | 13504 ||| UPGRADING to quicksilver dragon scales.
 13514 | Lair:5   | 13514 ||| DROPPING +4 ring mail.
 13581 | Lair:5   | Reached skill level 6 in Armour
 13595 | Lair:5   | Reached XP level 14. HP: 88/88 MP: 23/23
 13621 | Lair:5   | 13621 ||| RETREEEEATING.
 13623 | Lair:5   | 13623 ||| RETREEEEATING.
 13661 | Lair:5   | Received a gift from Okawaru
 13740 | Lair:5   | 13740 ||| INVOKING Finesse.
 13741 | Lair:5   | 13741 ||| INVOKING Heroism.
 14137 | Lair:5   | 14137 ||| PLANNING D:1-11
 14137 | Lair:5   | 14137 ||| DROPPING +6 ring of intelligence.
 14138 | Lair:5   | 14138 ||| READING 2 scrolls of identify.
 14138 | Lair:5   | 14138 ||| IDENTIFYING cyan potion
 14328 | D:11     | 14328 ||| RETREEEEATING.
 14330 | D:11     | 14330 ||| RETREEEEATING.
 14338 | D:11     | 14338 ||| RETREEEEATING.
 14498 | D:11     | Found a portal to a secret trove of treasure.
 14542 | D:11     | Identified the granite talisman "Wiycig" {Int+3}
 14630 | D:11     | 14630 ||| RETREEEEATING.
 14631 | D:11     | 14631 ||| RETREEEEATING.
 14632 | D:11     | 14632 ||| RETREEEEATING.
 14633 | D:11     | 14633 ||| RETREEEEATING.
 14634 | D:11     | 14634 ||| RETREEEEATING.
 14637 | D:11     | 14637 ||| RETREEEEATING.
 14955 | D:11     | 14955 ||| PLANNING D
 14981 | D:12     | Noticed Josephine
 14988 | D:12     | Killed Josephine
 14988 | D:12     | Received a gift from Okawaru
 14989 | D:12     | Reached skill level 9 in Armour
 15050 | D:12     | Found a faded altar of an unknown god.
 15421 | D:12     | Reached skill level 15 in Dodging
 15475 | D:12     | 15475 ||| RETREEEEATING.
 15479 | D:12     | 15479 ||| RETREEEEATING.
 15533 | D:12     | Identified the +3 mace of Joyful Slaughter {flame, rElec
                  | rF+ Str+2 Int-3}
 15604 | D:12     | Received a gift from Okawaru
 15657 | D:12     | Noticed Azrael
 15666 | D:12     | Noticed Urug
 15687 | D:12     | Killed Azrael
 15691 | D:12     | HP: 19/88 [Urug/+6 war axe (7)]
 15692 | D:12     | 15692 ||| READING 8 scrolls of teleportation.
 15693 | D:12     | 15693 ||| DRINKING 2 potions of heal wounds.
 15694 | D:12     | Killed Urug
 15965 | D:12     | Found a staircase to the Orcish Mines.
 16167 | D:12     | 16167 ||| DROPPING +1 pair of boots.
 16323 | D:13     | Found a hazy altar of Hepliaklqana.
 16370 | D:13     | 16370 ||| Stepping ~*~*~tactically~*~*~ (cloud).
 16371 | D:13     | 16371 ||| Stepping ~*~*~tactically~*~*~ (cloud).
 16374 | D:13     | 16374 ||| Stepping ~*~*~tactically~*~*~ (cloud).
 16450 | D:13     | Noticed Jorgrun
 16451 | D:13     | 16451 ||| INVOKING Finesse.
 16460 | D:13     | Killed Jorgrun
 16517 | D:13     | Reached XP level 15. HP: 94/94 MP: 24/24
 16531 | D:13     | 16531 ||| RETREEEEATING.
 16532 | D:13     | 16532 ||| RETREEEEATING.
 16533 | D:13     | 16533 ||| RETREEEEATING.
 17016 | D:14     | 17016 ||| RETREEEEATING.
 17017 | D:14     | 17017 ||| RETREEEEATING.
 17020 | D:14     | 17020 ||| RETREEEEATING.
 17024 | D:14     | 17024 ||| RETREEEEATING.
 17062 | D:14     | 17062 ||| RETREEEEATING.
 17063 | D:14     | 17063 ||| RETREEEEATING.
 17064 | D:14     | 17064 ||| RETREEEEATING.
 17065 | D:14     | 17065 ||| RETREEEEATING.
 17066 | D:14     | 17066 ||| RETREEEEATING.
 17067 | D:14     | 17067 ||| RETREEEEATING.
 17068 | D:14     | 17068 ||| RETREEEEATING.
 17071 | D:14     | Received a gift from Okawaru
 17072 | D:14     | 17072 ||| ZAPPING wand of quicksilver (4) at 3,1 (arcanist;
                  | floor).
 17107 | D:14     | Found a gate to the Vaults.
 17108 | D:14     | 17108 ||| RETREEEEATING.
 17109 | D:14     | 17109 ||| RETREEEEATING.
 17110 | D:14     | 17110 ||| RETREEEEATING.
 17111 | D:14     | 17111 ||| RETREEEEATING.
 17112 | D:14     | 17112 ||| RETREEEEATING.
 17113 | D:14     | 17113 ||| RETREEEEATING.
 17114 | D:14     | 17114 ||| RETREEEEATING.
 17115 | D:14     | 17115 ||| RETREEEEATING.
 17116 | D:14     | 17116 ||| RETREEEEATING.
 17117 | D:14     | 17117 ||| RETREEEEATING.
 17118 | D:14     | 17118 ||| RETREEEEATING.
 17121 | D:14     | 17121 ||| RETREEEEATING.
 17122 | D:14     | 17122 ||| ZAPPING wand of quicksilver (3) at 1,2 (deep elf
                  | knight; open_door).
 17123 | D:14     | 17123 ||| ZAPPING wand of quicksilver (2) at 1,2 (arcanist;
                  | open_door).
 17124 | D:14     | 17124 ||| INVOKING Finesse.
 17487 | D:14     | 17487 ||| READING 4 scrolls of identify.
 17487 | D:14     | 17487 ||| IDENTIFYING scroll labelled SAPPURUKIO
 17488 | D:14     | 17488 ||| DROPPING scroll of summoning.
 18012 | D:15     | Entered Level 15 of the Dungeon
 18117 | D:15     | Received a gift from Okawaru
 18121 | D:15     | 18121 ||| RETREEEEATING.
 18122 | D:15     | 18122 ||| INVOKING Finesse.
 18488 | D:15     | HP: 13/95 [death knight/+1 battleaxe (26)]
 18489 | D:15     | 18489 ||| READING 7 scrolls of teleportation.
 18489 | D:15     | Mangled by a death knight

Levels and vault maps discovered:
D:1:      ldierk_walled_garden, layout_basic
D:2:      layout_loops_corners, shapermc_ecumenical_altar_mp_urbaneastern
D:3:      layout_basic, uniq_terence
D:4:      layout_loops_corners, gup_sewer_entry_spiral,
          biasface_ghost_orc_armoury, minmay_misc_feat_hallway,
          nrook_loot_triangle, uniq_natasha
D:5:      layout_basic, tso_metal_star, serial_shops, shop, shop,
          nicolae_shop_back_alley_shop, nrook_pool_corridor
D:6:      layout_rooms, minmay_temple_entry_poolview, uniq_pikel
D:7:      layout_cave_pools, tgw_trog
D:8:      nicolae_hitomezashi [nicolae_hito_row, nicolae_hito_row,
          nicolae_hito_row, nicolae_hito_row, nicolae_hito_row,
          nicolae_hito_row, nicolae_hito_row, nicolae_hito_row,
          nicolae_hito_row, nicolae_hito_row, nicolae_hito_row,
          nicolae_hito_row, nicolae_hito_row, nicolae_hito_row,
          nicolae_hito_row, nicolae_hito_row, nicolae_hito_row,
          nicolae_hito_row], layout_layer_cave
D:9:      layout_rooms, nzn_wu_jian_council_hall, hangedman_tell_no_tales
D:10:     layout_loops_ring, hellmonk_lair_entry_icy, serial_ice, serial_ice_f,
          serial_ice_l, serial_ice_b, serial_ice_d, hex_medium,
          corexii_checkpoint
D:11:     layout_long_grid, enter_trove_3
D:12:     minmay_the_grid_square_5x5_3x3
          [minmay_the_grid_square_5x5_fancy_junction,
          minmay_the_grid_square_5x5_two_walls_b,
          minmay_the_grid_square_5x5_slash,
          minmay_the_grid_square_5x5_checkered,
          minmay_the_grid_square_5x5_megaprize_crossed,
          minmay_the_grid_square_5x5_empty, minmay_the_grid_square_5x5_spiral,
          minmay_the_grid_square_5x5_three_walls,
          minmay_the_grid_square_5x5_inner_i], layout_irregular_city,
          serial_column_ruins, column_ruins_hut_ruined, column_ruins_temple_hut,
          column_ruins_grid_1, column_ruins_open_medium,
          column_ruins_open_medium, column_ruins_open_tiny,
          column_ruins_columns_corner, column_ruins_grid_1, uniq_azrael,
          uniq_urug, uniq_josephine
D:13:     layout_loops_cross, nicolae_hepliaklqana_hazy_memory, uniq_jorgrun
D:14:     layout_basic, grunt_vaults_entry_tiered,
          hangedman_abyss_or_decor_jellyfish_corner, minmay_strange_pillars
D:15:     hangedman_depths_entry_try_elsewhere_first, layout_basic
Temple:   nicolae_temple_bog_church
Lair:1:   layout_cave_shapes, basic_altar, infiniplex_staircase_pool
Lair:2:   beast_lair_carwin_large_3, layout_regular_city,
          nicolae_shoals_entry_roost, spider_nest_entry_webs, pond,
          uniq_nergalle
Lair:3:   layout_hall_layers, portal_ice_cave_rime, amcnicky_mini_pool_medium
Lair:4:   layout_cellular_growth, nicolae_slime_entry_field_trip,
          serial_bayou_shore_b
Lair:5:   grunt_lair_end_beastmaster, layout_gridlike

Skill      XL: |  1  2  3  4  5  6  7  8  9 10 11 12 13 14 15 |
---------------+----------------------------------------------+-----
Ranged Weapons | 6 7 8 9 18 19 20 | 20.0
Fighting       | 2 4 5 7 8 10 11 | 11.5
Dodging        | 3 11 14 15 17 | 17.0
Armour         | 1 2 3 4 6 9 10 | 10.0
Invocations    | 4 7 10 | 10.0
Stealth        | |  1.2

Action                     |  1- 3 |  4- 6 |  7- 9 | 10-12 | 13-15 || total
---------------------------+-------+-------+-------+-------+-------++-------
   Fire: Shortbow          |    65 |       |       |       |       ||    65
         Longbow           |    31 |    76 |   139 |   651 |  1190 ||  2087
 Invoke: Heroism           |       |       |       |     3 |     1 ||     4
         Finesse           |       |       |       |     4 |     5 ||     9
         Receive Weapon    |       |       |       |       |     1 ||     1
         Receive Armour    |       |       |       |       |     1 ||     1
  Evoke: Wand              |       |       |       |       |     3 ||     3
    Use: Scroll            |     4 |     7 |     6 |     9 |     6 ||    32
         Potion            |       |     6 |     2 |     4 |     2 ||    14
 Armour: Leather armour    |     6 |       |       |       |       ||     6
         Ring mail         |       |     7 |    15 |    68 |    33 ||   123
         Quicksilver drago |       |       |       |       |    65 ||    65
  Dodge: Dodged            |    13 |     3 |    24 |   114 |   247 ||   401

Table legend:
 A = Non-vault XP
 B = Vault XP
 C = Vault XP percentage of total XP
 D = Non-vault monster count
 E = Vault monster count
 F = Vault count percentage of total count
                 A         B        C        D         E       F
            +---------+---------+-------+---------+---------+-------
      Total |   87978 |   42027 |  32.3 |     458 |     148 |  24.4
            +---------+---------+-------+---------+---------+-------
        D:1 |      39 |       0 |   0.0 |      22 |       0 |   0.0
        D:2 |      46 |       0 |   0.0 |      17 |       0 |   0.0
        D:3 |      59 |      36 |  37.9 |      10 |       1 |   9.1
        D:4 |     304 |      67 |  18.1 |      24 |       6 |  20.0
        D:5 |    1312 |       0 |   0.0 |      27 |       0 |   0.0
        D:6 |     798 |     663 |  45.4 |      16 |       1 |   5.9
        D:7 |     609 |       0 |   0.0 |      19 |       0 |   0.0
        D:8 |    2038 |       0 |   0.0 |      40 |       0 |   0.0
        D:9 |    1515 |     389 |  20.4 |      14 |       7 |  33.3
       D:10 |    4217 |    1944 |  31.6 |      19 |      15 |  44.1
       D:11 |    6498 |       0 |   0.0 |      27 |       0 |   0.0
       D:12 |    9397 |    9477 |  50.2 |      18 |      26 |  59.1
       D:13 |    7248 |    1950 |  21.2 |      13 |       1 |   7.1
       D:14 |    5515 |    8752 |  61.3 |      21 |      25 |  54.3
       D:15 |   10039 |       0 |   0.0 |      31 |       0 |   0.0
     Lair:1 |    8205 |       0 |   0.0 |      33 |       0 |   0.0
     Lair:2 |    4987 |    6303 |  55.8 |      18 |      21 |  53.8
     Lair:3 |    9185 |    1470 |  13.8 |      29 |       5 |  14.7
     Lair:4 |    8667 |     211 |   2.4 |      37 |       5 |  11.9
     Lair:5 |    7300 |   10452 |  58.9 |      23 |      20 |  46.5
      Sewer |       0 |     313 | 100.0 |       0 |      15 | 100.0
            +---------+---------+-------+---------+---------+-------
